 Dungeon Sprint DCSS version 0.16-a0-2921-g3a24241 (webtiles) character file.

711 Kemay the Unseen (level 7, -2/34 HPs)
             Began as a Vine Stalker Assassin on Dec 2, 2014.
             Was a Follower of Dithmenos.
             Slain by a deep troll (12 damage)
             ... in the Dungeon (Sprint I: "Red Sonja").
             The game lasted 00:03:21 (181 turns).

Kemay the Unseen (Vine Stalker Assassin)             Turns: 181, Time: 00:03:23

Health: -2/34      AC:  4    Str: 14    XL:     7   Next: 68%
Magic:  0/9        EV: 11    Int: 11    God:    Dithmenos [*.....]
Gold:   405        SH:  0    Dex: 17    Spells: 0 memorised, 6 levels left

rFire  . . .     SeeInvis .     n - +0 dagger (distort)
rCold  + . .     Clarity  .     b - +1 robe {rC+}
rNeg   . . .     SustAb   .     (no shield)
rPois  .         Gourm    .     (no helmet)
rElec  .         Spirit   +     d - +0 cloak
rCorr  .         Warding  .     (no gloves)
rMut   .         NoTele   +     (no boots)
MR     .....                    (no amulet)
Stlth  ++++++++..               (no ring)
                                (no ring)

@: wreathed by umbra, not resistant to hostile enchantments, extraordinarily
stealthy
A: fangs 2, regeneration 2, magic shield, antimagic bite, no device heal 3, rot
immunity
a: Renounce Religion


You were in the Dungeon.
You worshipped Dithmenos.
Dithmenos was aware of your devotion.
You were not hungry.

You visited 1 branch You collected 405 gold pieces.

Inventory:

Hand weapons
 a - a +2 dagger
 n - a +0 dagger of distortion (weapon)
Missiles
 e - 7 curare-tipped needles
Armour
 b - a +1 robe of cold resistance (worn)
 d - a +0 cloak (worn)
Scrolls
 m - a scroll of blinking
Potions
 c - a potion of degeneration {unknown}
 h - a potion of curing
 j - a potion of haste
 k - 2 potions of magic
 l - a potion of berserk rage
Comestibles
 f - 2 chunks of flesh
 g - a bread ration
 i - a meat ration


   Skills:
 - Level 1.7 Fighting
 - Level 8.1 Short Blades
 - Level 1.7 Throwing
 + Level 0.7 Dodging
 - Level 17.1 Stealth


You had 6 spell levels left.
You didn't know any spells.

Dungeon Overview and Level Annotations

Branches:
Dungeon (1/1)

Altars:
Cheibriados
Dithmenos
Elyvilon
Fedhas
Gozag
Kikubaaqudgha
Makhleb
Nemelex Xobeh
Okawaru
Qazlal
Ru
Sif Muna
Trog
Vehumet
Xom
Yredelemnul
Zin
The Shining One
Jiyva

Shops:
D %}


Innate Abilities, Weirdness & Mutations

You have extremely sharp teeth.
You heal very quickly.
When hurt, damage is shared between your health and your magic reserves.
Your bite disrupts and absorbs the magic of your enemies.
Potions and wands cannot restore your health.
You are immune to rotting.


Message History

The deep troll barely misses you. The deep troll closely misses you.
The deep troll claws you!
You barely miss the deep troll.
The deep troll is lightly wounded.
You hit the deep troll but do no damage.
Space bends around the deep troll.
The deep troll is lightly wounded.
The deep troll completely misses you. The deep troll claws you.
The deep troll claws you!
You closely miss the deep troll. You bite the deep troll. You drain its power.
You feel invigorated.
The deep troll is lightly wounded.
You hit the deep troll but do no damage.
Space warps horribly around the deep troll!
You bite the deep troll, but do no damage.
The deep troll is moderately wounded.
The deep troll bites you. The deep troll claws you!
* * * LOW HITPOINT WARNING * * *
The deep troll claws you!
You die...

#<.#.)'..#.['..#__#
#..'..#.)'..#..'..+
#..#####'#####'#__#
#..####..#...#.####
#..#__####..##[#
#..#_..__##'#..+
#⌠⌠#_.∩...'..._#
####_..._##_.#T#
#_____###'#@#
############T####+###
#∩........'..T'T$.$$+
###++++####.).#######
##.## #+#


You could see a deep troll.

Vanquished Creatures
  Sonja (D)
  A slime creature (D)
  A yak (D)
  An ogre (D)
  Sigmund (D)
  A jelly (D)
  Ijyb (D)
7 creatures vanquished.

Notes
Turn   | Place    | Note
--------------------------------------------------------------
     0 | D        | Kemay, the Vine Stalker Assassin, began the quest for the Orb.
     0 | D        | Reached XP level 1. HP: 11/11 MP: 1/1
     4 | D        | Noticed Ijyb
    11 | D        | Killed Ijyb
    11 | D        | Reached skill level 8 in Stealth
    11 | D        | Reached XP level 2. HP: 9/15 MP: 3/3
    33 | D        | Noticed an ogre
    36 | D        | Killed an ogre
    36 | D        | Reached skill level 12 in Stealth
    36 | D        | Reached XP level 3. HP: 18/18 MP: 4/4
    36 | D        | Reached XP level 4. HP: 23/23 MP: 5/5
    46 | D        | Noticed Sigmund
    49 | D        | Killed Sigmund
    49 | D        | Reached skill level 14 in Stealth
    49 | D        | Reached XP level 5. HP: 26/26 MP: 7/7
    75 | D        | Found a snail-covered altar of Cheibriados.
    75 | D        | Found a viscous altar of Jiyva.
    75 | D        | Found a shadowy altar of Dithmenos.
    75 | D        | Found a blossoming altar of Fedhas.
    75 | D        | Noticed a slime creature
    78 | D        | Killed a slime creature
    78 | D        | Reached skill level 5 in Short Blades
    78 | D        | Reached skill level 15 in Stealth
    78 | D        | Gained mutation: You heal very quickly. [vine stalker growth]
    78 | D        | Reached XP level 6. HP: 30/30 MP: 8/8
    80 | D        | Became a worshipper of Dithmenos the Shadowed
    83 | D        | Found a deep blue altar of Sif Muna.
    83 | D        | Noticed a jelly
    85 | D        | Found a radiant altar of Vehumet.
    90 | D        | Killed a jelly
   117 | D        | Found Ogiliarr's Gadget Emporium.
   117 | D        | Found a white marble altar of Elyvilon.
   117 | D        | Found a stormy altar of Qazlal.
   117 | D        | Found a burning altar of Makhleb.
   117 | D        | Found a sacrificial altar of Ru.
   117 | D        | Found a basalt altar of Yredelemnul.
   117 | D        | Found a glowing golden altar of the Shining One.
   117 | D        | Found a sparkling altar of Nemelex Xobeh.
   117 | D        | Found a shimmering altar of Xom.
   117 | D        | Found an opulent altar of Gozag.
   117 | D        | Found an ancient bone altar of Kikubaaqudgha.
   117 | D        | Found a glowing silver altar of Zin.
   117 | D        | Noticed a yak
   118 | D        | Found an iron altar of Okawaru.
   119 | D        | Killed a yak
   119 | D        | Reached skill level 16 in Stealth
   119 | D        | Reached XP level 7. HP: 34/34 MP: 9/9
   120 | D        | Found a bloodstained altar of Trog.
   129 | D        | Noticed Sonja
   133 | D        | Killed Sonja
   133 | D        | Reached skill level 17 in Stealth
   151 | D        | Found Pysoovog's Food Boutique.
   164 | D        | Noticed a deep troll
   181 | D        | Slain by a deep troll

Action                   |  1- 3 |  4- 6 |  7- 9 || total
-------------------------+-------+-------+-------++-------
Melee: Dagger            |     6 |     4 |     6 ||    16
 Stab: Sleeping          |     2 |     4 |     1 ||     7
